 Dungeon Crawl Stone Soup version 0.24-a0-335-g06ca16a (webtiles) character file.

Game seed: 18226077692652485111

4755 mortelune the Geomancer (level 10, -5/63 HPs)
             Began as a Gargoyle Earth Elementalist on May 19, 2019.
             Was a Follower of Ashenzari.
             Slain by Gastronok (33 damage)
             ... on level 9 of the Dungeon.
             The game lasted 00:30:56 (12425 turns).

mortelune the Geomancer (GrEE)                     Turns: 12425, Time: 00:30:57

Health: -5/63      AC: 11    Str: 14    XL:     10   Next: 46%
Magic:  26/34      EV: 12    Int: 17    God:    Ashenzari [*.....]
Gold:   248        SH:  0    Dex: 10    Spells: 6/21 levels left

rFire    . . .     SeeInvis .   o - staff of power
rCold    . . .     Gourm    .   (no shield)
rNeg     + . .     Faith    .   c - +1 robe
rPois    ∞         Spirit   .   (no helmet)
rElec    +         Reflect  .   I - +0 cloak
rCorr    .         Harm     .   (no gloves)
MR       +....                  (no boots)
Stlth    ++........             (no amulet)
HPRegen  0.20/turn              a - ring of flight
MPRegen  0.24/turn              q - ring of protection from magic (curse)

@: no status effects
A: negative energy resistance 1, electricity resistance, unbreathing,
petrification resistance, rot immunity, AC +7
a: Curse Item, Scrying, Renounce Religion, Evoke Flight


You were on level 9 of the Dungeon.
You worshipped Ashenzari.
Ashenzari was aware of your devotion.
You were hungry.

You visited 2 branches of the dungeon, and saw 10 of its levels.

You collected 486 gold pieces.
You spent 238 gold pieces at shops.

Inventory:

Hand Weapons
 e - a +0 club
 f - a +0 short sword
 h - a +3 whip of pain
 C - a +2 flail of holy wrath
Missiles
 b - 165 stones (quivered)
 r - 57 sling bullets
 u - 15 boomerangs
 y - a throwing net
Armour
 c - a +1 robe (worn)
 j - a +0 scale mail
 w - a +0 leather armour
 I - a +0 cloak (worn)
Magical Staves
 o - an uncursed staff of power (weapon)
Jewellery
 a - a ring of flight (left hand)
 n - an uncursed ring of resist corrosion
 q - a cursed ring of protection from magic (right hand)
Wands
 A - a wand of iceblast (19)
 B - a wand of paralysis (7)
 D - a wand of flame (21)
 G - a wand of acid (11)
Scrolls
 g - 2 scrolls of teleportation
 l - 2 scrolls of enchant weapon
 s - 3 scrolls of fear
 x - a scroll of remove curse
 E - a scroll of magic mapping
 J - 2 scrolls of identify
 K - a scroll of vulnerability {unknown}
Potions
 i - 3 potions of curing
 k - 2 potions of heal wounds
 m - a potion of agility
 p - a potion of invisibility
 t - a potion of mutation
 v - a potion of might
 z - a potion of haste
 F - a potion of resistance {unknown}
 H - a potion of lignification
Comestibles
 d - 14 rations


   Skills:
 + Level 7.2 Fighting
 + Level 3.1 Armour
 - Level 2.1 Dodging
 - Level 2.1 Stealth
 + Level 6.4 Spellcasting
 + Level 7.1 Conjurations
 - Level 0.7 Transmutations
 + Level 11.2 Earth Magic


You had 6 spell levels left.
You knew the following spells:

 Your Spells              Type           Power        Failure   Level  Hunger
a - Sandblast             Erth           #####.       1%          1    None
b - Stone Arrow           Conj/Erth      #####.       1%          3    ##.....
c - Lee's Rapid Deconstr  Erth           #####.....   3%          5    #####..
d - Passwall              Tmut/Erth      ####....     1%          2    None
e - Petrify               Tmut/Erth      ####....     11%         4    ####...

Your spell library contained the following spells:

 Spells                   Type           Power        Failure   Level  Hunger
 Bolt of Magma            Conj/Fire/Erth ####......   28%         5    #####..
 Iron Shot                Conj/Erth      #####.....   41%         6    #######
 Iskenderun's Battlesphe  Conj/Chrm      ###.....     61%         5    #####..
 Venom Bolt               Conj/Pois      ###.......   61%         5    #####..
 Orb of Destruction       Conj           ####......   99%         7    #######
 Spellforged Servitor     Conj/Summ      ###.......   100%        7    #######


Dungeon Overview and Level Annotations

Branches:
Dungeon (9/15)             Temple (1/1) D:4
   Lair: D:8-11         Orc: D:9-12

Altars:
Ashenzari
Cheibriados
Dithmenos
Elyvilon
Fedhas
Gozag
Hepliaklqana
Kikubaaqudgha
Makhleb
Nemelex Xobeh
Okawaru
Qazlal
Ru
Sif Muna
Trog
Uskayaw
Vehumet
Wu Jian
Xom
Yredelemnul
Zin
The Shining One

Shops:
D:6 !:

Annotations:
D:7 1 runed translucent door, mhoghedin's ghost, novice TeSu
D:9 Gastronok


Innate Abilities, Weirdness & Mutations

You are resistant to torment.
Your stone body is resilient. (AC +7)
You are immune to poison.
You resist negative energy. (rN+)
You are resistant to electric shocks. (rElec)
You can survive without breathing.
You are immune to petrification.
You are immune to rotting.


Message History

Casting: Sandblast (safe; 1% risk of failure)
Confirm with . or Enter, or press ? or * to list all spells.
Aiming: Sandblast (safe; 1% risk of failure)
Press: ? - help, Shift-Dir - straight line, f/p - Gastronok
Aim: Gastronok, wearing the +3 hat of Pondering {ponderous, MR+ MP+10 Int+5} (severely wounded)
The blast of sand hits Gastronok!
Gastronok is severely wounded.
b - 166 stones The river rat misses you.
Casting: Sandblast (safe; 1% risk of failure)
Confirm with . or Enter, or press ? or * to list all spells.
Aiming: Sandblast (safe; 1% risk of failure)
Press: ? - help, Shift-Dir - straight line, f/p - Gastronok
Aim: Gastronok, wearing the +3 hat of Pondering {ponderous, MR+ MP+10 Int+5} (severely wounded)
The blast of sand hits Gastronok.
Gastronok is almost dead.
b - 165 stones Gastronok bites you!!
Ouch! That really hurt!
You die...

.........#...#
#.############
.....÷.......#
##
.).....#####.#
.# ...÷.....#
#.# .#
.).....#.# #.#
.# .......#.#
#.# .#
.......#.#
#.#####r#
.......#.#
#...r@wb#
.>.....#.#
#########
......)#.####
...#........#
...#........#
...#........#
...#........##
#.##.........#
#.##.........#


You could see Gastronok, a river rat, a bat and a rat.

Vanquished Creatures
  Joseph (D:9)
  Maurice (D:9)
  3 hippogriffs
  A spriggan (D:7)
  A water moccasin (D:9)
  2 ice beasts
  2 eyes of draining
  A hornet zombie (D:8)
  An orc warrior (D:6)
  A phantom (D:4)
  2 sky beasts
  4 ogres
  A big kobold (D:9)
  A gnoll sergeant (D:9)
  2 bullfrogs
  2 scorpions
  4 howler monkeys
  4 crimson imps
  A centaur zombie (D:7)
  Crazy Yiuf (D:7)
  7 orc wizards
  A gnoll shaman (D:7)
  3 hounds
  3 jellies
  5 orc priests
  2 bullfrog skeletons
  An iguana (D:5)
  12 worker ants
  Natasha (thrice) (D:2)
  A hound skeleton (D:5)
  A worker ant zombie (D:6)
  13 adders
  14 gnolls
  4 adder zombies
  3 worms
  5 dart slugs
  2 leopard geckos
  39 orcs
  2 ball pythons
  7 bats
  3 giant cockroaches
  4 goblins
  9 hobgoblins
  16 jackals
  5 kobolds
  2 frilled lizards
  A jackal skeleton (D:7)
  9 rats
213 creatures vanquished.

Notes
Turn   | Place    | Note
-------+----------+-------------------------------------------
     0 | D:1      | mortelune the Gargoyle Earth Elementalist began the quest
                  | for the Orb.
     0 | D:1      | Reached XP level 1. HP: 10/10 MP: 3/3
   441 | D:1      | Reached XP level 2. HP: 13/16 MP: 1/5
   611 | D:1      | Reached skill level 4 in Earth Magic
  1103 | D:2      | Reached skill level 1 in Fighting
  1103 | D:2      | Reached XP level 3. HP: 20/20 MP: 3/6
  1701 | D:2      | Learned a level 3 spell: Stone Arrow
  1711 | D:2      | Reached XP level 4. HP: 23/25 MP: 3/7
  2061 | D:2      | Noticed Natasha
  2069 | D:2      | Killed Natasha
  2286 | D:2      | Reached skill level 5 in Earth Magic
  2299 | D:2      | Noticed Natasha
  2303 | D:2      | Killed Natasha
  2303 | D:2      | Reached skill level 1 in Conjurations
  2303 | D:2      | Reached XP level 5. HP: 30/30 MP: 4/9
  2503 | D:2      | Noticed Natasha
  2535 | D:2      | Killed Natasha
  3551 | D:3      | Reached XP level 6. HP: 36/36 MP: 3/10
  4296 | D:4      | Noticed a phantom
  4447 | D:4      | Reached skill level 6 in Earth Magic
  4506 | D:4      | Killed a phantom
  4598 | D:4      | Reached XP level 7. HP: 41/41 MP: 3/12
  5493 | D:4      | Reached skill level 7 in Earth Magic
  5762 | D:4      | Learned a level 5 spell: Lee's Rapid Deconstruction
  5765 | D:4      | Found a staircase to the Ecumenical Temple.
  5965 | Temple   | Entered the Ecumenical Temple
  6226 | Temple   | Became a worshipper of Ashenzari the Shackled
  6279 | D:5      | Entered Level 5 of the Dungeon
  6752 | D:5      | Reached XP level 8. HP: 48/48 MP: 14/14
  7144 | D:5      | Reached skill level 8 in Earth Magic
  7501 | D:5      | Reached * piety under Ashenzari
  8033 | D:6      | Found Edaliora's Distillery.
  8041 | D:6      | Bought a potion of might for 56 gold pieces
  8041 | D:6      | Bought a potion of haste for 140 gold pieces
  8041 | D:6      | Bought a potion of curing for 42 gold pieces
  8433 | D:6      | Reached skill level 5 in Fighting
  8433 | D:6      | Reached skill level 9 in Earth Magic
  8466 | D:6      | Reached XP level 9. HP: 48/54 MP: 16/16
  8467 | D:6      | Reached skill level 5 in Conjurations
  8642 | D:6      | Found Rerats's Book Shop.
  8808 | D:6      | Found a snail-covered altar of Cheibriados.
  8870 | D:6      | Reached skill level 5 in Spellcasting
  9257 | D:7      | Found a runed translucent door.
  9258 | D:7      | Noticed Crazy Yiuf
  9387 | D:7      | Found a runed translucent door.
  9396 | D:7      | Noticed mhoghedin's ghost (novice TeSu)
 10188 | D:7      | Killed Crazy Yiuf
 10188 | D:7      | Reached skill level 10 in Earth Magic
 10909 | D:8      | Noticed a two-headed ogre
 10954 | D:8      | Learned a level 2 spell: Passwall
 10959 | D:8      | Learned a level 4 spell: Petrify
 11388 | D:9      | Reached skill level 1 in Armour
 11388 | D:9      | Reached XP level 10. HP: 57/61 MP: 18/18
 11434 | D:9      | Noticed Joseph
 11537 | D:9      | Killed Joseph
 11783 | D:9      | Reached ** piety under Ashenzari
 11840 | D:9      | Reached skill level 11 in Earth Magic
 12151 | D:9      | Noticed Maurice
 12161 | D:9      | Killed Maurice
 12414 | D:9      | Noticed Gastronok
 12425 | D:9      | Slain by Gastronok

Levels and vault maps discovered:
D:1:      dpeg_arrival_water_temple_mockup, layout_basic
D:2:      minmay_recursive_quarters, layout_loops_ring,
          kennysheep_generic_room_15, uniq_natasha
D:3:      layout_basic
D:4:      layout_basic, minmay_temple_entry_poolview, first_ration
D:5:      layout_gridville
D:6:      layout_basic, cheibriados_altar_1, serial_shops, shop,
          nicolae_shop_trees
D:7:      layout_gridville, ebering_ghost_reflecting_pool, the_bakery,
          uniq_crazy_yiuf_cottage
D:8:      layout_gridville
D:9:      layout_basic, minmay_misc_feat_cross, uniq_joseph, uniq_gastronok,
          uniq_maurice
Temple:   regret_index_temple_sigil_plot

Skill      XL: |  1  2  3  4  5  6  7  8  9 10 |
---------------+-------------------------------+-----
Earth Magic    | 4 5 6 7 9 10 11 | 11.2
Fighting       | 1 2 3 4 5 6 7 |  7.2
Dodging        | 2 |  2.1
Conjurations   | 1 2 3 4 6 7 |  7.1
Spellcasting   | 3 4 5 6 |  6.4
Armour         | 1 3 |  3.1
Stealth        | |  2.1
Transmutations | |  0.7

Action                   |  1- 3 |  4- 6 |  7- 9 | 10-12 || total
-------------------------+-------+-------+-------+-------++-------
Melee: Club              |    23 |       |       |       ||    23
       Short sword       |    22 |    82 |     5 |       ||   109
       Whip              |       |       |    33 |       ||    33
       Staff             |       |       |    20 |    19 ||    39
 Cast: Sandblast         |    32 |    62 |    38 |    17 ||   149
       Stone Arrow       |       |    36 |   180 |    29 ||   245
       Lee's Rapid Decon |       |       |     7 |    12 ||    19
Invok: Curse Item        |       |       |     1 |       ||     1
  Use: Potion            |       |     3 |       |       ||     3
       Scroll            |       |       |    12 |       ||    12
  Eat: Chunk             |     3 |    13 |    31 |     6 ||    53
       Ration            |       |       |     2 |       ||     2
Armor: Robe              |    14 |    57 |    58 |     6 ||   135
Dodge: Dodged            |    37 |    62 |    94 |    11 ||   204

Table legend:
 A = Non-vault XP
 B = Vault XP
 C = Vault XP percentage of total XP
 D = Non-vault monster count
 E = Vault monster count
 F = Vault count percentage of total count
                 A         B        C        D         E       F
            +---------+---------+-------+---------+---------+-------
      Total |    5580 |    1214 |  17.9 |     202 |      11 |   5.2
            +---------+---------+-------+---------+---------+-------
        D:1 |      22 |       0 |   0.0 |      12 |       0 |   0.0
        D:2 |     155 |      45 |  22.5 |      19 |       7 |  26.9
        D:3 |     185 |       0 |   0.0 |      30 |       0 |   0.0
        D:4 |     650 |       0 |   0.0 |      33 |       0 |   0.0
        D:5 |     687 |       0 |   0.0 |      28 |       0 |   0.0
        D:6 |     891 |       0 |   0.0 |      21 |       0 |   0.0
        D:7 |     417 |     265 |  38.9 |      16 |       2 |  11.1
        D:8 |    1148 |       0 |   0.0 |      23 |       0 |   0.0
        D:9 |    1425 |     904 |  38.8 |      20 |       2 |   9.1
            +---------+---------+-------+---------+---------+-------
